AoeStats
← DYN_BenderGC

Arena

510356803Analyzed
4v4 RM · 1d ago on Sep 30, 2026· 38m 20s· 8 players
Game mode
Random Map
Map size
Large (8 player)
Population
200
Speed
Normal
Resources
Standard
Victory
Conquest
Starting age
Dark Age
Ending age
Imperial Age
RankedLock teamsTeams togetherTeam positionsShared explorationLock speedFull tech treeHidden civsTurbo modeCheats
Victory
Defeat
🇧🇷 Aztecs · Brazil
1567
+14
🇦🇷 Mongols · Argentina
1563
+14
🇩🇪 Saracens · Germany
1519
+16
1494
+17
🇪🇸 Sicilians · Spain
1651
-20
🇪🇸 Japanese · Spain
1569
-17
🇵🇪 Saxons · Peru
1541
-16
🇪🇸 Georgians · Spain
1320
-8
tschipe2_0
10:50 Feudal Age
11:44 Double-Bit Axe
14:24 Castle Age
12:33 Horse Collar
21:35 Bow Saw
23:14 Heavy Plow
25:26 Stone Mining
25:27 Gold Mining
27:49 Wheelbarrow
27:55 Gold Shaft Mining
27:57 Scale Barding Armor
28:02 Forging
27:52 Town Watch
31:29 Imperial Age
29:44 Chain Barding Armor
30:05 Hand Cart
30:39 Iron Casting
31:22 Bloodlines
31:12 Husbandry
33:23 Conscription
34:44 Blast Furnace
34:19 Plate Barding Armor
35:43 Bimaristan
36:03 Capped Ram
36:55 Elite Mameluke
37:40 Siege Ram
Aron
10:47 Feudal Age
15:08 Castle Age
13:14 Double-Bit Axe
14:05 Horse Collar
14:38 Gold Mining
16:30 Bow Saw
16:26 Loom
16:46 Loom
16:52 Fletching
17:06 Scale Mail Armor
27:41 Wheelbarrow
32:00 Imperial Age
30:24 Chain Mail Armor
30:31 Forging
31:06 Squires
30:52 Gambesons
31:45 Arson
32:17 Atlatl
33:26 Conscription
34:00 Garland Wars
34:16 Elite Jaguar Warrior
35:43 Plate Mail Armor
36:19 Fletching
37:05 Iron Casting
DetectiveYemitoShumafuk
9:43 Feudal Age
13:40 Castle Age
11:58 Double-Bit Axe
12:17 Horse Collar
25:41 Imperial Age
23:17 Gold Mining
23:48 Fletching
24:01 Loom
24:52 Ballistics
24:56 Bodkin Arrow
25:02 Padded Archer Armor
24:57 Crossbowman
26:40 Wheelbarrow
25:47 Arbalester
27:04 Bracer
28:04 Conscription
28:33 Hand Cart
30:04 Thumb Ring
30:20 Heavy Plow
32:43 Leather Archer Armor
34:43 Chemistry
35:12 Ring Archer Armor
36:26 Siege Engineers
36:58 Capped Ram
38:37 Masonry
37:50 Siege Ram
39:09 Bow Saw
Tonguera
11:11 Feudal Age
12:03 Double-Bit Axe
12:13 Horse Collar
14:58 Castle Age
15:53 Bow Saw
17:47 Heavy Plow
21:16 Wheelbarrow
22:01 Gold Mining
22:04 Stone Mining
23:25 Loom
24:12 Gold Mining
25:05 Town Watch
25:38 Hand Cart
26:50 Gold Shaft Mining
26:36 Fletching
30:50 Imperial Age
28:21 Bodkin Arrow
29:33 Ballistics
30:09 Padded Archer Armor
31:35 Bracer
32:38 Chemistry
31:40 Husbandry
31:50 Bloodlines
31:02 Heavy Camel Rider
32:19 Conscription
32:49 Leather Archer Armor
32:42 Elite Mangudai
35:04 Light Cavalry
35:50 Scale Barding Armor
35:56 Forging
37:04 Stone Shaft Mining
36:46 Hussar
37:47 Chain Barding Armor
38:04 Iron Casting
DS_lord dekko
10:27 Feudal Age
14:49 Castle Age
12:50 Double-Bit Axe
12:50 Horse Collar
14:06 Loom
15:45 Bow Saw
23:56 Wheelbarrow
28:46 Imperial Age
26:46 Fletching
27:49 Masonry
27:46 Crossbowman
28:39 Bodkin Arrow
28:49 Arbalester
29:38 Bracer
30:55 Padded Archer Armor
32:06 Thumb Ring
35:41 Elite Skirmisher
37:37 Leather Archer Armor
Mike_Tango
9:44 Feudal Age
11:42 Double-Bit Axe
16:12 Loom
16:55 Scale Barding Armor
17:56 Forging
18:00 Bloodlines
18:27 Horse Collar
22:22 Castle Age
22:17 Gold Mining
23:53 Bow Saw
28:19 Imperial Age
27:12 Chain Barding Armor
27:40 Husbandry
28:18 Iron Casting
28:27 Wheelbarrow
28:48 Cavalier
32:15 Chemistry
31:39 Padded Archer Armor
32:45 Leather Archer Armor
35:06 Hand Cart
35:22 Heavy Plow
DYN_BenderGC
9:44 Feudal Age
11:24 Loom
13:55 Castle Age
14:49 Double-Bit Axe
19:24 Bow Saw
21:09 Wheelbarrow
21:22 Horse Collar
22:14 Heavy Plow
23:31 Hand Cart
29:30 Imperial Age
26:58 Gold Mining
26:58 Stone Mining
28:40 Scale Mail Armor
28:48 Squires
29:03 Gambesons
30:08 Gold Shaft Mining
30:29 Chain Mail Armor
30:39 Treadmill Crane
32:02 Chemistry
30:54 Fletching
31:04 Padded Archer Armor
31:39 Ballistics
30:51 Shield Wall
32:12 Plate Mail Armor
32:17 Conscription
32:15 Masonry
32:46 Forging
32:33 Bodkin Arrow
33:39 Hoardings
32:49 Elite Hearth Troop
33:05 Pikeman
35:46 Bracer
36:02 Leather Archer Armor
36:12 Elite Skirmisher
37:28 Ring Archer Armor
37:03 Clerical Recruitment
37:15 Sappers
pau795
10:12 Feudal Age
8:46 Loom
11:53 Double-Bit Axe
14:18 Castle Age
15:16 Bow Saw
15:07 Horse Collar
26:47 Wheelbarrow
32:18 Imperial Age
31:00 Hand Cart
30:59 Pikeman
31:39 Squires
31:40 Scale Mail Armor
32:46 Onager
33:53 Chain Mail Armor
34:23 Conscription
35:51 Gold Mining
Connection lost

Rejoining the realm…

Still unreachable

The connection could not be restored.

Session expired

The server has moved on; the page needs a fresh start.